[Event "Czech Championship 2024"]
[Site "Ostrava"]
[Date "2024.04.27"]
[Round "1.1"]
[White "Simacek, Pavel"]
[Black "Hrbek, Stepan"]
[Result "0-1"]
[ECO "D35"]
[WhiteElo "2446"]
[BlackElo "2407"]
[Annotator "TA"]
[PlyCount "102"]
[EventDate "2024.04.25"]
[EventType "tourn"]
[EventCountry "CZE"]
[SourceTitle "playchess.com"]
[Source "ChessBase"]
[SourceQuality "1"]
[TimeControl "40/5400+30:1800+30"]

1. d4 d5 2. c4 e6 3. Nc3 Nf6 4. cxd5 exd5 5. Bg5 Be7 6. e3 O-O 7. Bd3 Re8 8. Nf3 h6 9. Bf4 c5 10. h3 {[%emt 0:06:14] White has an edge.} Nc6 {[%emt 0:08:37] Threatens to win with ...cxd4.} 11. O-O c4 12. Bc2 Bd6 13. Bxd6 Qxd6 14. b3 cxb3 15. Bxb3 Bf5 16. Rc1 Rac8 17. Ba4 a6 18. Bxc6 Rxc6 19. Ne5 Rc7 20. Qf3 Be6 21. Qe2 (21. Ne2 $11) 21... Qa3 $15 22. Qd3 Rec8 23. Ne2 Qxa2 24. Rb1 Ne4 25. f3 $2 (25. Nf4 $17) 25... Nc3 (25... Ng3 $142 26. Rfe1 (26. Nxg3 $2 {is the wrong capture.} Rc2 $19) 26... Rc2 (26... Bf5 $2 27. e4 $19)) 26. Rbe1 Nxe2+ 27. Rxe2 Rc2 28. Rff2 Qa1+ 29. Rf1 Qb2 30. Rff2 Qa1+ 31. Rf1 Rc1 32. Ref2 Rxf1+ 33. Rxf1 Qa2 {[%emt 0:00:18] [#] aiming for ...Rc2.} 34. Qb1 Qd2 {[%emt 0:05:20] Hoping for ...Rc2.} 35. Qe1 Qxe1 36. Rxe1 $19 {[%emt 0:00:03][%mdl 4096] Endgame. KRB-KRN} Rc3 37. e4 (37. Kf2 $17) 37... g5 38. Rb1 f6 (38... dxe4 $142 {And now ...e3 would win.} 39. fxe4 Re3 40. Rxb7 Re1+ (40... Rxe4 41. Rb6 $17) 41. Kf2 Rxe4) 39. Rb6 $2 (39. Ng4 $17) 39... fxe5 40. Rxe6 dxe4 41. fxe4 $2 (41. d5 {was called for.}) 41... exd4 42. Rxh6 {[%emt 0:03:30] KR-KR} (42. Kf2 $142 a5 43. Rg6+ Kf8 44. Rf6+ Ke8 45. Rxh6) 42... Rc6 43. Rh5 Rg6 44. Kf2 a5 45. h4 a4 46. hxg5 a3 47. Rh1 b5 48. Ke2 b4 {[%emt 0:01:32][%cal Ob4b3] [#] ( -> ...b3!)} 49. Kd2 b3 {[%emt 0:00:11] Black mates.} 50. Kc1 Rc6+ 51. Kb1 b2 {[%emt 0:00:06] Weighted Error Value: White=0.79/Black=0.35.  Loses game:     	White=2     	---        Mistake:       	White=4     	Black=2      Inaccurate:     	White=4     	Black=1      OK:         	White=13    	Black=13     Best:        	White=1     	Black=3} 0-1

[Event "Czech Championship 2024"]
[Site "Ostrava"]
[Date "2024.04.27"]
[Round "1.2"]
[White "Neuman, Petr"]
[Black "Navara, David"]
[Result "1/2-1/2"]
[ECO "B22"]
[WhiteElo "2429"]
[BlackElo "2678"]
[Annotator "TA"]
[PlyCount "63"]
[EventDate "2024.04.25"]
[EventType "tourn"]
[EventCountry "CZE"]
[SourceTitle "playchess.com"]
[Source "ChessBase"]
[SourceQuality "1"]
[TimeControl "40/5400+30:1800+30"]

1. e4 c5 2. c3 Nf6 3. e5 Nd5 4. Nf3 Nc6 5. d4 cxd4 6. cxd4 d6 7. Bc4 Nb6 8. Bb5 dxe5 9. Nxe5 Bd7 10. Nxd7 Qxd7 11. Nc3 e6 12. O-O {[%emt 0:00:13] The position is equal.} a6 13. Bxc6 Qxc6 14. Be3 Be7 15. Rc1 O-O 16. d5 Nxd5 17. Nxd5 Qxd5 18. Qxd5 exd5 19. Rc7 Bf6 20. Rxb7 d4 21. Bd2 Rfc8 22. Rd1 Rc2 23. Kf1 Rd8 24. Rb3 h5 25. a4 d3 26. Be3 (26. Bc3 {simplifies} Bxc3 27. Rxc3 Rxb2 28. Rcxd3 Rxd3 29. Rxd3 Rb4 30. Rd8+) 26... d2 27. Rb6 Bxb2 28. Rxa6 Bc1 29. Ra5 Ra2 30. Rxh5 Rxa4 31. Ke2 Re4 32. Rc5 {[%emt 0:01:32] An even fight not without its subleties.   Weighted Error Value: White=0.01 (flawless) /Black=0.02 (flawless) .  OK:         	White=13    	Black=6      Best:        	White=1     	Black=1} 1/2-1/2

[Event "Czech Championship 2024"]
[Site "Ostrava"]
[Date "2024.04.27"]
[Round "1.3"]
[White "Nemec, Jachym"]
[Black "Kraus, Tomas"]
[Result "1-0"]
[ECO "E01"]
[WhiteElo "2416"]
[BlackElo "2488"]
[Annotator "TA"]
[PlyCount "59"]
[EventDate "2024.04.25"]
[EventType "tourn"]
[EventCountry "CZE"]
[SourceTitle "playchess.com"]
[Source "ChessBase"]
[SourceQuality "1"]
[TimeControl "40/5400+30:1800+30"]

1. d4 e6 2. Nf3 Nf6 3. c4 d5 4. g3 dxc4 5. Bg2 Nbd7 6. O-O c6 7. Nc3 b5 8. e4 Bb7 9. e5 Nd5 10. Ng5 {[%emt 0:00:13] aiming for Qh5.} h6 11. Nxe6 {[%emt 0:01:25] The position is equal.} fxe6 12. Qh5+ Ke7 13. Ne4 $1 Qe8 14. Bg5+ hxg5 15. Qxh8 {[%emt 0:00:08][%cal Oe4d6] Hoping for Nd6!} Kd8 $1 16. Qg8 (16. Nxg5 $11 Kc7 17. Qg8) 16... Qg6 $1 $17 17. Nd6 {[%emt 0:13:21][%cal Og2e4] Strongly threatening Be4!} Kc7 18. Be4 {[%emt 0:02:20] [#]} (18. Bxd5 $2 exd5 19. Qh8 Be7 $19 (19... Bxd6 $2 20. exd6+ Kxd6 21. Qh3 $19)) 18... Qh6 (18... Ne7 $1 $17 19. Bxg6 Nxg8 20. Nxb7 Kxb7) 19. Nxb7 $1 $11 Kxb7 20. Qf7 Kc7 {[%emt 0:13:14] Threatens to win with ...Bb4.} 21. a4 $1 {[%emt 0:05:54] axb5 would now be deadly.} b4 (21... Bc5 $5 22. Bxd5 (22. dxc5 Rf8 $17) 22... Rf8 23. Qxe6 Bxd4 $15) 22. Rfc1 {[%emt 0:15:52] [#]} (22. Rac1 $11 Bc5 (22... c3 $2 23. Bxd5 exd5 24. bxc3 $18) 23. Bxd5 (23. dxc5 $2 Rh8 $19) 23... cxd5 (23... Rh8 24. h4 $15) 24. dxc5) 22... c3 $2 {[%emt 0:02:08][%mdl 8192] This costs Black the game.} (22... Bc5 $1 $17 {and life is bright.} 23. Rxc4 (23. dxc5 $2 {loses.} Rh8 $19) 23... Rf8) 23. Bxd5 cxd5 24. bxc3 b3 $2 (24... Kd8 25. cxb4 Qh3) 25. c4 $18 dxc4 26. Rxc4+ Kd8 27. d5 (27. Rb1 Rb8 $16) 27... b2 28. Rd1 {[%emt 0:02:35] White mates.} (28. Rb1 Qh7 29. Rxb2 Qf5 30. dxe6 (30. Qxe6 Qxe6 31. dxe6 Nc5 $18) 30... Qxf7 31. exf7 Nxe5 32. Rd4+ Ke7 $18) 28... Qh7 29. dxe6 b1=Q 30. Qxd7# {[%emt 0:19:00] Weighted Error Value: White=0.14 (very precise) /Black=0.67.  Loses game:     	---       	Black=1      Mistake:       	White=2     	Black=2      Inaccurate:     	White=1     	Black=1      OK:         	White=4     	Black=4      Best:        	White=5     	Black=1      Strong:       	White=3     	Black=2} 1-0

[Event "Czech Championship 2024"]
[Site "Ostrava"]
[Date "2024.04.27"]
[Round "1.4"]
[White "Stalmach, Richard"]
[Black "Stocek, Jiri"]
[Result "1/2-1/2"]
[ECO "A13"]
[WhiteElo "2446"]
[BlackElo "2531"]
[Annotator "TA"]
[PlyCount "103"]
[EventDate "2024.04.25"]
[EventType "tourn"]
[EventCountry "CZE"]
[SourceTitle "playchess.com"]
[Source "ChessBase"]
[SourceQuality "1"]
[TimeControl "40/5400+30:1800+30"]

1. c4 e6 2. g3 g6 3. d4 Bg7 4. Bg2 d5 5. Nf3 Nc6 6. Bg5 {[%emt 0:05:20] A13: English Opening: 1...e6.} Nge7 7. cxd5 exd5 8. h4 $146 ({Predecessor:} 8. Nc3 h6 9. Bxe7 Nxe7 10. O-O O-O 11. b4 c6 12. e3 a6 13. a4 Bf5 14. Qb3 Bd3 15. Rfd1 Bc4 16. Qc2 b5 17. Ne5 Bxe5 18. dxe5 Qb8 19. axb5 axb5 20. Rxa8 Qxa8 {1-0 Chuprov,D (2405)-Bykhovsky,A (2470) Kurgan 1993}) 8... h6 9. Bf4 Bg4 10. e3 f6 11. Bh3 Bxh3 12. Rxh3 Qd7 13. Ng1 O-O-O 14. g4 g5 15. Bh2 f5 16. gxf5 Nxf5 17. Nc3 Rde8 (17... gxh4 18. Qd3) 18. Qg4 Bxd4 (18... Nxh4 19. Qxd7+ Kxd7 20. Nxd5 $11) 19. hxg5 hxg5 20. O-O-O {[%emt 0:00:58] [#]} Bxc3 ({Better is} 20... Rxh3 $1 $19 21. Nxh3 Bxc3 22. bxc3 Rh8) 21. bxc3 $17 Rxh3 22. Nxh3 $2 (22. Qxh3 $17 {is the only way for White.} Na5 23. Nf3) 22... Rh8 $19 23. Bg1 $2 (23. e4 Nfe7 24. Qxd7+ Kxd7 25. exd5) 23... Rh4 $19 24. Qg2 Qg7 25. Rd3 Rc4 $2 (25... Nb4 26. Rd4 Nxd4 (26... Nxa2+ $2 27. Kd2 $19) 27. exd4 Nd3+ (27... Nxa2+ $2 28. Kd2 $19) 28. Kd2 g4 29. Kxd3 Qg6+ (29... Rxh3+ $2 30. f3 $19) 30. Kd2 Rxh3) 26. Kd2 (26. Qxd5 {was necessary.} Rxc3+ 27. Rxc3 Qxc3+ 28. Kd1) 26... Nb4 $19 27. Qf3 Nh4 (27... Nxd3 28. Qxf5+ Kb8 29. Qxd3 $15) 28. Qh5 b6 (28... Nxd3 29. Qe8#) 29. Rd4 ({Avoid the trap} 29. Qe8+ $2 Kb7 30. Qd8 Qh7 $19 (30... Nxd3 $2 31. Qxd5+ Rc6 32. Kxd3 $19) (30... Nxd3 $2 31. Qxd5+ Rc6 32. Kxd3 $19)) 29... Rxd4+ $2 (29... Qd7 $19 30. Nxg5 Nf5 (30... Nxa2 31. Rxh4 Rxh4 32. Qxh4 $16) 31. Qh8+ Kb7) 30. exd4 $17 Nc6 (30... Nxa2 $17 31. Qg4+ Kb7) 31. f4 {[%emt 0:00:08] [#]} (31. Qg4+ $1 $15 {feels stronger.} Kb7 32. f4) 31... Qd7 (31... g4 $1 $17 32. Qxh4 gxh3 33. Qxh3+ Kb7) 32. Nxg5 $15 Nf5 33. Qf7 Nce7 34. Qe6 $1 Nd6 35. Qxd7+ Kxd7 36. Ke2 Nef5 37. Bf2 Ke7 38. Nf3 Ne4 39. Be1 a5 40. Kd3 b5 41. Ne5 Ke6 42. c4 bxc4+ 43. Nxc4 c5 44. dxc5 Nxc5+ (44... dxc4+ 45. Kxe4 a4 46. Bf2 $18) 45. Kc3 Na4+ 46. Kb3 Nc5+ 47. Kc3 dxc4 48. Kxc4 Nb7 49. Kb5 Nfd6+ 50. Kb6 a4 51. Bb4 Nd8 52. Bxd6 1/2-1/2

[Event "Czech Championship 2024"]
[Site "Ostrava"]
[Date "2024.04.27"]
[Round "1.5"]
[White "Finek, Vaclav"]
[Black "Jirovsky, Milos"]
[Result "1-0"]
[ECO "D15"]
[WhiteElo "2431"]
[BlackElo "2450"]
[Annotator "TA"]
[PlyCount "53"]
[EventDate "2024.04.25"]
[EventType "tourn"]
[EventCountry "CZE"]
[SourceTitle "playchess.com"]
[Source "ChessBase"]
[SourceQuality "1"]
[TimeControl "40/5400+30:1800+30"]

1. d4 d5 2. c4 c6 3. Nf3 Nf6 4. e3 a6 5. Nc3 Bf5 6. Bd3 Bxd3 7. Qxd3 e6 8. O-O {[%emt 0:00:31] The position is equal.} Be7 9. e4 dxe4 10. Nxe4 Nbd7 11. Nc3 O-O 12. Bf4 Re8 13. h3 Nf8 14. Rad1 Ng6 15. Bh2 Bd6 16. Ne5 Qa5 17. Qe2 Rad8 18. Kh1 Bb8 19. a3 Nd7 20. f4 c5 (20... Nf6 $14) 21. Nxd7 $16 Rxd7 {[%emt 0:00:06] [#]} 22. f5 $1 Bxh2 23. fxg6 Bb8 $2 {[%emt 0:04:18] [#] This costs Black the game.} ({Don't blunder} 23... fxg6 $2 24. Kxh2 cxd4 25. Ne4 Qc7+ 26. Kg1 $18) (23... hxg6 $16 24. Kxh2 cxd4) 24. gxf7+ $1 $18 Rxf7 25. Rxf7 cxd4 {[%emt 0:02:06][%cal Bc5d4,Bd4c3][%mdl 32] [#]} 26. Rdf1 dxc3 {[%emt 0:00:17] [#]} (26... Qe5 27. Qxe5) 27. Rf8+ $3 {[%emt 0:00:38][%mdl 512] Weighted Error Value: White=0.06 (flawless) /Black=0.59.  Loses game:     	---       	Black=1      Mistake:       	---       	Black=1      Inaccurate:     	White=1     	Black=1      OK:         	White=6     	Black=7      Best:        	White=1     	---        Strong:       	White=2     	---} 1-0

[Event "Czech Championship 2024"]
[Site "Ostrava"]
[Date "2024.04.28"]
[Round "2.1"]
[White "Hrbek, Stepan"]
[Black "Jirovsky, Milos"]
[Result "0-1"]
[ECO "D31"]
[WhiteElo "2407"]
[BlackElo "2450"]
[Annotator "TA"]
[PlyCount "56"]
[EventDate "2024.04.25"]
[EventType "tourn"]
[EventCountry "CZE"]
[SourceTitle "playchess.com"]
[Source "ChessBase"]
[SourceQuality "1"]
[TimeControl "40/5400+30:1800+30"]

1. d4 d5 2. c4 e6 3. Nc3 a6 4. cxd5 exd5 5. Nf3 c6 6. e4 dxe4 7. Ng5 h6 8. Ngxe4 {[%emt 0:07:01] Bc4 would now be deadly. White has an edge.} Nf6 9. Nxf6+ Qxf6 10. Bc4 Be6 11. d5 cxd5 12. Bxd5 Nc6 13. Bxc6+ bxc6 14. O-O Be7 15. Qa4 O-O 16. Qxc6 Rfc8 17. Qe4 Rab8 18. Nd5 Bxd5 19. Qxd5 Bd6 20. Rb1 Be5 {[%emt 0:07:53][%cal Of6f5] [#] Hoping for ...Qf5!} 21. b4 $2 {[%emt 0:02:15][%mdl 8192] Loses the game.} (21. g3 $11 {and White has nothing to worry.}) 21... Qf5 $19 {[%emt 0:02:34] Strongly threatening ...Bxh2+.} 22. Qb3 Rc3 23. Qb2 {[%emt 0:00:02] [#]} Rh3 24. Qe2 (24. Qxe5 Qxe5) 24... Bxh2+ 25. Kh1 Rh4 {[%emt 0:00:36] ...Qf6 is the strong threat.} (25... Qxb1 26. gxh3 Bd6 27. a3 $15) (25... Bf4+ 26. Kg1 (26. gxh3 $2 Qxh3+ 27. Kg1 Qh2#) 26... Bh2+ (26... Qxb1 $2 27. Bxf4 Rxb4 28. gxh3 $18) 27. Kh1) 26. Be3 $2 (26. Rb3 $19) 26... Qe5 {[%emt 0:00:47] Black mates.} (26... Rhxb4 $2 {too greedy.} 27. Rxb4 Rxb4 28. Kxh2 $18) 27. g3 Bxg3+ (27... Rhxb4 $2 {is the wrong capture.} 28. Rxb4 Rxb4 29. Kxh2 $18) 28. Kg2 Bf4 {[%emt 0:01:34] Weighted Error Value: White=0.60/Black=0.06 (flawless) .  Loses game:     	White=1     	---        Mistake:       	White=1     	---        Inaccurate:     	White=1     	---        OK:         	White=9     	Black=7      Best:        	---       	Black=5} (28... Rh2+ $142 29. Kf3 Qd5+ (29... Qh5+ {is a self mate.} 30. Kxg3 Qh4+ 31. Kf3 Re8 32. Rg1 Qh3+ 33. Kf4 g5+ 34. Rxg5+ hxg5+ 35. Kxg5 Qh4+ 36. Kf5 Qe4+ 37. Kg5 Re5+ 38. Kf6 Rf5#) 30. Kxg3 Qg2+ 31. Kf4 Re8 (31... Qg5+ $2 32. Ke4 $19) 32. Rg1 Rh4+ 33. Qg4 Rxg4+ 34. Kf5 Qe4#) 0-1

[Event "Czech Championship 2024"]
[Site "Ostrava"]
[Date "2024.04.28"]
[Round "2.2"]
[White "Stocek, Jiri"]
[Black "Finek, Vaclav"]
[Result "1/2-1/2"]
[ECO "D03"]
[WhiteElo "2531"]
[BlackElo "2431"]
[Annotator "TA"]
[PlyCount "175"]
[EventDate "2024.04.25"]
[EventType "tourn"]
[EventCountry "CZE"]
[SourceTitle "playchess.com"]
[Source "ChessBase"]
[SourceQuality "1"]
[TimeControl "40/5400+30:1800+30"]

1. d4 d5 2. Nf3 Nf6 3. Bg5 Ne4 4. Bh4 c5 5. e3 Nc6 6. Nbd2 {[%emt 0:03:47] D03: 1 d4 d5 2 Nf3 Nf6 3 Bg5, including Torre Attack with early ...d5.} Bg4 7. Be2 Nxd2 8. Qxd2 cxd4 9. Nxd4 $146 ({Predecessor:} 9. exd4 Qb6 10. c3 e6 11. O-O Bxf3 12. Bxf3 Be7 13. Bg3 O-O 14. Be2 Rad8 15. Bd3 {½-½ Abdusattorov,N (2725)-So,W (2769) Aimchess Rapid Div 1 W 2023 (1.1)}) 9... Bxe2 10. Qxe2 Qb6 11. O-O e6 12. c4 Be7 13. Nxc6 Bxh4 14. Ne5 Bf6 15. Ng4 dxc4 16. Nxf6+ gxf6 17. Qxc4 Ke7 18. Rac1 Rhd8 19. Rc3 Rd7 20. Rb3 Qd6 21. Qe4 Qa6 22. Qb4+ Ke8 23. Qg4 Ke7 24. a4 Rc8 25. Rb5 Qc6 26. Qb4+ Ke8 27. h3 Rcd8 28. Rc5 Qd6 29. Qc3 Ke7 30. Rc1 Qd3 31. Qb4 Qd6 32. Qh4 b6 33. Rc6 Qe5 34. Qb4+ Ke8 35. Rc8 Qd6 36. Qh4 Rxc8 37. Rxc8+ Ke7 38. Qxh7 Qe5 39. Qc2 f5 40. Rc4 Kf6 41. g3 Ke7 42. Qe2 Qf6 43. Rc2 Qe5 44. Rd2 Rc7 (44... Rxd2 $16 45. Qxd2 Qc5) 45. Rd1 Kf8 46. Qd2 Kg7 (46... Rc8 $16 {might work better.} 47. Qd7 Qc7 48. Qxc7 Rxc7) 47. Qd8 $18 Kg6 48. h4 Kh7 49. b4 Qc3 50. b5 Qc2 51. Rd4 $1 e5 52. Rd2 Qb1+ 53. Rd1 Qc2 54. Re1 Qc3 55. Kg2 f4 56. exf4 exf4 57. gxf4 Qxe1 $2 (57... Rc8 58. Qe7 (58. Re3 Qxe3 59. Qxc8 Qxf4 $11) 58... Qg7+ 59. Qg5 Rc7) 58. Qxc7 $18 Qe4+ 59. Kh2 Qf5 60. Qe5 ({Weaker is} 60. Qxa7 Qxf4+ 61. Kg1 Qg4+ 62. Kf1 Qd1+ 63. Kg2 Qg4+ 64. Kf1 Qd1+ 65. Kg2 Qg4+ 66. Kf1 $11) 60... Qc2 61. Qd4 Qf5 62. f3 Qc2+ 63. Kg3 Qg6+ 64. Kf2 Qc2+ 65. Kg3 Qg6+ 66. Kf2 Qc2+ 67. Kf1 Qc1+ 68. Ke2 Qc2+ 69. Ke3 Qc1+ 70. Ke2 $2 (70. Ke4 $1 $18 ) 70... Qc2+ $1 $11 71. Ke3 $2 (71. Qd2 $11 Qxa4 72. Qd5) 71... Qc1+ $1 $18 72. Ke4 $1 Qe1+ 73. Qe3 Qxh4 {[%emt 0:00:58] [#]} 74. Kf5 $2 (74. Qd3 $1 $18) 74... Kg8 $2 (74... Qd8 $14) 75. Qe8+ $18 Kg7 76. Qe5+ Kg8 77. Qb8+ Kg7 78. Qd6 ({And not} 78. Qxa7 Qh3+ 79. Ke5 Qe6+ 80. Kd4 Qd6+ 81. Ke3 Qc5+ 82. Kd3 Qa3+ 83. Ke2 Qb2+ 84. Kf1 Qc1+ 85. Ke2 Qb2+ 86. Ke3 Qc3+ 87. Kf2 Qd2+ 88. Kf1 Qd3+ 89. Kf2 Qd2+ 90. Kg3 Qe1+ 91. Kg2 (91. Kg4 Qg1+ 92. Kf5 Qc5+ 93. Ke4 Qc4+ 94. Ke3 Qc3+ 95. Kf2 Qd2+ $11) 91... Qe2+ 92. Kg1 Qxf3 $11) 78... Qh7+ {[%emt 0:02:17] [#]} 79. Kg5 $2 (79. Ke5 $1 $18) 79... Qh2 $16 80. Qd4+ Kh7 $2 (80... Kf8 $14) 81. f5 $2 (81. Kf6 $18 {Qe4+ would kill now.} Kg8 82. Ke7 Qh4+ 83. Kd7) 81... Qg3+ $11 82. Qg4 f6+ 83. Kh5 (83. Kxf6 $5 Qd6+ $8 84. Kf7 Qd7+ 85. Kf8 Qd8+ 86. Kf7 Qd7+ 87. Kf6 Qd6+ 88. Kf7 Qd7+ $11) 83... Qh2+ 84. Qh4 Qg2 $1 85. Qxf6 Qh3+ 86. Kg5 Qg3+ 87. Kh5 Qh3+ 88. Kg5 1/2-1/2

[Event "Czech Championship 2024"]
[Site "Ostrava"]
[Date "2024.04.28"]
[Round "2.3"]
[White "Kraus, Tomas"]
[Black "Stalmach, Richard"]
[Result "1-0"]
[ECO "E97"]
[WhiteElo "2488"]
[BlackElo "2446"]
[Annotator "TA"]
[PlyCount "71"]
[EventDate "2024.04.25"]
[EventType "tourn"]
[EventCountry "CZE"]
[SourceTitle "playchess.com"]
[Source "ChessBase"]
[SourceQuality "1"]
[TimeControl "40/5400+30:1800+30"]

1. c4 Nf6 2. Nf3 g6 3. Nc3 Bg7 4. d4 d6 5. e4 O-O 6. Be2 e5 7. O-O Nc6 8. d5 Ne7 9. b4 a5 10. Ba3 axb4 11. Bxb4 b6 12. a4 Ne8 13. h3 h5 (13... f5 $11) 14. Re1 $14 Bh6 15. Bf1 {[%emt 0:14:52] White is better.} Bd7 16. a5 bxa5 17. Bxa5 f5 18. c5 Qb8 (18... Bg7 $16) 19. Bxc7 $18 Nxc7 (19... Qxc7 $142 20. Rxa8 Qxc5) 20. cxd6 Rxa1 21. Qxa1 Ncxd5 22. exd5 Qxd6 23. Nxe5 {[%emt 0:00:05] aiming for Qa7.} Bg7 24. Nxd7 Qxd7 {[%emt 0:01:43] [#]} 25. Qa3 $1 Nc8 26. Re6 {[%emt 0:03:10] Black is weak on the light squares} ({White should try} 26. Qc5 $18) 26... Kh7 27. Ne2 $36 {[%emt 0:05:25][%mdl 2048] White has strong initiative. White is more active.} f4 $2 {[%emt 0:02:19] This costs Black the game.} (27... Rf6 $16 {is a better defense.}) 28. Qd3 Rf5 {[%emt 0:05:46][%cal Oc8e7] [#]} 29. Nxf4 $1 Rxf4 30. Qxg6+ Kg8 31. d6 {[%emt 0:03:01] Against Ne7} (31. Qxh5 Rf6 $14) 31... Kf8 {[%emt 0:04:07] Prevents Re8+} 32. Bd3 {[%emt 0:04:33][%cal Od3f5] And now Bf5! would win.} Rf7 (32... Qf7 {might work better.} 33. Qxf7+ (33. d7 Qxd7 34. Re1 h4 $11) 33... Rxf7) 33. Bc4 Qa4 $2 (33... Nb6 $18) 34. Re1 Rf6 35. Qe4 ({Worse is} 35. Qxh5 Nxd6 36. Bd3 Qa2 $11) (35. Qh7 $142 Rf7 36. Bxf7 Kxf7 37. Qxh5+ Kf6 38. Qf3+ (38. Qe5+ Kg6 39. Qe6+ Bf6 40. d7 Qxd7 41. Qxd7 Nb6 42. Qe6 Nd5 43. Qxd5 Kh6) 38... Kg5 39. Qd5+ Kg6 40. Qd3+ (40. Qe6+ Bf6 41. d7 Qxd7 42. Qxd7 Nb6 43. Qe6 Nd5 44. Qxd5 Kg7 45. Qb7+ Kh6) 40... Kg5 41. d7 (41. Qd5+ Kg6 42. d7 Ne7 43. Qe6+ Kh7 44. d8=Q Qh4 45. Qdxe7 Qh5)) 35... Qd7 36. Qd5 {[%emt 0:00:38] Weighted Error Value: White=0.22 (precise) /Black=0.56.  Loses game:     	---       	Black=1      Mistake:       	White=1     	Black=5      Inaccurate:     	White=1     	Black=2      OK:         	White=10    	Black=6      Best:        	White=3     	Black=2      Brilliant:      	White=1     	---} 1-0

[Event "Czech Championship 2024"]
[Site "Ostrava"]
[Date "2024.04.28"]
[Round "2.4"]
[White "Navara, David"]
[Black "Nemec, Jachym"]
[Result "1-0"]
[ECO "B30"]
[WhiteElo "2678"]
[BlackElo "2416"]
[Annotator "RC"]
[PlyCount "63"]
[EventDate "2024.04.25"]
[EventType "tourn"]
[EventCountry "CZE"]
[SourceTitle "playchess.com"]
[Source "ChessBase"]
[SourceQuality "1"]
[TimeControl "40/5400+30:1800+30"]

1. e4 c5 2. Nf3 Nc6 3. Bb5 e6 4. O-O Nge7 5. Re1 Nd4 6. Nxd4 cxd4 7. c3 a6 8. Bf1 Nc6 9. b4 Bd6 10. a4 O-O 11. Na3 dxc3 12. dxc3 Be5 13. Bd2 Bf6 14. Rc1 d5 15. a5 Re8 16. Be3 d4 17. cxd4 Nxb4 18. Nc4 Nc6 19. d5 exd5 20. exd5 Ne5 21. Bb6 Qd7 22. d6 Nxc4 23. Bxc4 Rxe1+ 24. Qxe1 g6 25. Bd5 Qxd6 26. Qe8+ Qf8 27. Bxf7+ Kg7 28. Bxg6 Qxe8 29. Bxe8 Be6 30. Rc7+ Kg8 31. Bd7 Bd5 32. Bc8 1-0

[Event "Czech Championship 2024"]
[Site "Ostrava"]
[Date "2024.04.28"]
[Round "2.5"]
[White "Simacek, Pavel"]
[Black "Neuman, Petr"]
[Result "1-0"]
[ECO "E72"]
[WhiteElo "2446"]
[BlackElo "2429"]
[Annotator "TA"]
[PlyCount "101"]
[EventDate "2024.04.25"]
[EventType "tourn"]
[EventCountry "CZE"]
[SourceTitle "playchess.com"]
[Source "ChessBase"]
[SourceQuality "1"]
[TimeControl "40/5400+30:1800+30"]

1. d4 Nf6 2. c4 d6 3. Nc3 Nbd7 4. e4 e5 5. Nge2 g6 6. g3 Bg7 7. Bg2 O-O 8. O-O c6 9. b3 Re8 10. d5 {[%emt 0:04:59] E72: King's Indian: 4 e4 d6 5 g3.} c5 11. Bd2 $146 ({Predecessor:} 11. Bb2 Nf8 12. Nc1 Bd7 13. Nd3 a6 14. Qd2 Qc8 15. f4 exf4 16. gxf4 Ng4 17. Rae1 Bd4+ {0-1 Padeiro,J (2121)-Antolak,J (2281) Figueira da Foz op 17th 2023 (8)}) 11... h5 12. f4 exf4 13. gxf4 Nf8 14. Qc2 N6h7 15. Rae1 a6 16. a4 b6 17. Kh1 Ra7 18. Ng1 f5 19. Nf3 (19. Bh3 $1 $16) 19... fxe4 $1 $11 20. Ng5 e3 21. Rxe3 Rxe3 22. Bxe3 Bf5 23. Be4 Qf6 24. Bd2 (24. Bxf5 {simplifies} Qxf5 25. Qxf5 gxf5 26. Bd2) 24... Nxg5 $1 25. Bxf5 $1 Nf3 (25... Qxf5 {simplifies} 26. Qxf5 gxf5 27. fxg5 Re7) 26. Rxf3 Qxf5 27. Qxf5 gxf5 28. Rh3 Kf7 29. Rxh5 Bf6 30. Kg2 Kg6 31. Rh3 Re7 32. Kf3 (32. Kf1 $16) 32... Nd7 (32... Re8 $1 $14) 33. Rg3+ $1 $16 Kf7 34. Nd1 $1 Bd4 35. Ne3 ({Better is} 35. Rg5 $1 $16) 35... Bxe3 $11 36. Bxe3 b5 37. axb5 (37. cxb5 $16 axb5 38. Rg5 (38. axb5 Nf6 $11)) 37... axb5 $11 38. cxb5 Nf6 39. Rg5 Rb7 40. b4 (40. Rxf5 Rxb5 41. h4 Rxb3 $15) 40... Rxb5 $2 (40... cxb4 $11 41. b6 (41. Rxf5 Rxb5 42. Bd4 Rxd5 $11) 41... Nxd5) 41. bxc5 $18 (41. Rxf5 Rxb4 42. Ke2 Rb2+ 43. Bd2 c4 $11) 41... Nxd5 42. cxd6 ({Worse is} 42. Rxf5+ Ke6 43. Rh5 dxc5 $17) 42... Ke6 {[%emt 0:00:04] [#]} 43. d7 $1 Rb8 44. Bd4 Rd8 $2 (44... Rb3+ $16 {keeps fighting.} 45. Kf2 Kxd7) 45. h4 $18 Ne7 46. Rg7 $2 (46. h5 $18 {Hoping for h6.} Rxd7 47. Be5) 46... Nc6 $2 (46... Rxd7 $16 47. Bc5 Nc6 48. Rg6+ Kd5) 47. Bc3 Ra8 (47... Nb8 $142 48. h5 Nxd7) 48. Ke3 $18 Ra2 49. h5 Rh2 {[%emt 0:00:32] [#]} 50. Ba5 $2 (50. Rh7 $1 $18 {[%mdl 512] and the rest is easy.} Rh1 (50... Ra2 51. h6) 51. Kd2) 50... Rh3+ $2 (50... Nxa5 $16 51. d8=N+ (51. d8=B Nc6 $11) (51. d8=Q Nc4+ 52. Kf3 Nd2+ $11) 51... Kd5) 51. Ke2 1-0